 Dungeon Crawl Stone Soup version 0.29.1-2-gbd0b4ee654 (webtiles) character file.

Game seed: 14758558037478801941

2048 zeram the Shield-Bearer (level 9, -14/74 HPs)
             Began as a Gnoll Fighter on Nov 18, 2022.
             Was an Initiate of Gozag.
             Demolished by a skeletal warrior
             ... wielding a +0 glaive
              (27 damage)
             ... on level 7 of the Dungeon.
             The game lasted 00:09:07 (6714 turns).

zeram the Shield-Bearer (Gnoll Fighter)             Turns: 6714, Time: 00:09:07

Health: -14/74     AC:  8    Str: 16    XL:     9   Next: 25%
Magic:  0/15       EV:  9    Int: 12    God:    Gozag
Gold:   190        SH: 14    Dex: 11    Spells: 16/16 levels left

rFire   . . .      SeeInvis .   a - +2 war axe (flame)
rCold   . . .      Faith    .   u - +0 tower shield
rNeg    . . .      Spirit   +   b - +0 scale mail
rPois   .          Reflect  .   (no helmet)
rElec   .          Harm     .   (no cloak)
rCorr   .          Rampage  .   (no gloves)
Will    .....                   (no boots)
Stlth   ++........              l - amulet of guardian spirit
HPRegen 0.22/turn               (no ring)
MPRegen 0.14/turn               (no ring)

@: mighty
A: fangs 1, strong nose, distributed training, hooves 1, sturdy frame 2
a: Renounce Religion, Potion Petition, Call Merchant, Bribe Branch


You were on level 7 of the Dungeon.
You worshipped Gozag.
Gozag was aware of your devotion.
You visited 2 branches of the dungeon, and saw 8 of its levels.

You collected 261 gold pieces.
You paid 71 gold pieces to Gozag.

Inventory:

Hand Weapons
 a - a +2 war axe of flaming (weapon)
 f - a +1 flail of protection
 q - a +3 whip
Missiles
 k - a throwing net (quivered)
Armour
 b - a +0 scale mail (worn)
 c - a +1 buckler
 u - a +0 tower shield (worn)
Jewellery
 j - a ring of see invisible
 l - an amulet of guardian spirit (around neck)
 s - a ring of wizardry
Wands
 v - a wand of flame (8)
Scrolls
 g - 2 scrolls of teleportation
 o - a scroll of fear
 r - a scroll of butterflies
 t - 2 scrolls of identify
 w - a scroll of enchant weapon
Potions
 e - a potion of mutation
 h - 3 potions of haste
 i - 2 potions of lignification
 m - 2 potions of cancellation {unknown}
 n - a potion of flight {unknown}
 p - a potion of resistance {unknown}


   Skills:
 + Level 7.9 Fighting
 + Level 4.2 Short Blades
 + Level 4.2 Long Blades
 + Level 6.3 Axes
 + Level 4.2 Maces & Flails
 + Level 4.2 Polearms
 + Level 4.2 Staves
 + Level 4.2 Ranged Weapons
 + Level 4.2 Throwing
 + Level 7.9 Armour
 + Level 4.2 Dodging
 + Level 4.2 Stealth
 + Level 7.9 Shields
 + Level 4.2 Unarmed Combat
 + Level 4.2 Spellcasting
 + Level 3.4 Conjurations
 + Level 3.4 Hexes
 + Level 3.4 Summonings
 + Level 3.4 Necromancy
 + Level 3.4 Translocations
 + Level 3.4 Transmutations
 + Level 3.4 Fire Magic
 + Level 3.4 Ice Magic
 + Level 3.4 Air Magic
 + Level 3.4 Earth Magic
 + Level 3.4 Poison Magic
 + Level 4.6 Invocations
 + Level 4.2 Evocations


You had 16 spell levels left.
You didn't know any spells.
Your spell library contained the following spells:

 Spells                   Type           Power      Damage    Failure   Level
 Magic Dart               Conj           40%        1d5       52%         1
 Slow                     Hex            40%        N/A       52%         1
 Searing Ray              Conj           20%        2d5       67%         2
 Confusing Touch          Hex            10%        N/A       88%         3
 Stone Arrow              Conj/Erth      20%        3d8       88%         3
 Vampiric Draining        Necr           10%        2d6       88%         3
 Animate Armour           Summ/Erth      20%        N/A       99%         4
 Fulminant Prism          Conj/Hex       5%         3d7       99%         4
 Lehudib's Crystal Spear  Conj/Erth      5%         10d3      100%        8


Dungeon Overview and Level Annotations

Branches:
Dungeon (7/15)             Temple (1/1) D:6

Altars:
Ashenzari
Cheibriados
Dithmenos
Fedhas
Gozag
Hepliaklqana
Kikubaaqudgha
Okawaru
Qazlal
Ru
Sif Muna
Uskayaw
Vehumet
Wu Jian
Xom
Yredelemnul

Annotations:
D:6 1 runed translucent door


Innate Abilities, Weirdness & Mutations

You have very sharp teeth.
Your uncanny sense of smell can sniff out nearby items.
Your experience applies equally to all skills.
You have large cloven feet.
Your movements are less encumbered by armour. (ER -4)


Message History

The skeletal warrior hits you from afar with a +0 glaive!!
You block the skeletal warrior's attack.
There is an escape hatch in the ceiling, spattered with blood here.
You see here 4 gold pieces.
You hit the skeletal warrior but do no damage.
Your kick misses the skeletal warrior. Your bite misses the skeletal warrior.
You block the skeletal warrior's attack.
The skeletal warrior hits you with a +0 glaive!!
You feel very mighty all of a sudden.
You block the skeletal warrior's attack.
You slash the skeletal warrior! You burn the skeletal warrior.
Your kick misses the skeletal warrior.
The skeletal warrior is lightly damaged.
The skeletal warrior hits you with a +0 glaive.
You hit the skeletal warrior but do no damage.
You bite the skeletal warrior.
The skeletal warrior is moderately damaged.
You block the skeletal warrior's attack. x2
You barely miss the skeletal warrior. Your kick misses the skeletal warrior.
The skeletal warrior is moderately damaged.
The skeletal warrior hits you with a +0 glaive!!
* * * LOW HITPOINT WARNING * * *
The skeletal warrior closely misses you.
Unknown command.
Okay, then.
You slash the skeletal warrior! You burn the skeletal warrior.
The skeletal warrior is heavily damaged.
You block the skeletal warrior's attack.
You slash the skeletal warrior! You burn the skeletal warrior.
Your kick misses the skeletal warrior. Your bite misses the skeletal warrior.
The skeletal warrior is severely damaged.
The skeletal warrior barely misses you.
The skeletal warrior hits you with a +0 glaive!
* * * LOW HITPOINT WARNING * * *
Unknown command.
You barely miss the skeletal warrior.
The skeletal warrior is severely damaged.
The skeletal warrior hits you with a +0 glaive!!
You die...
Your body crumbles into a pile of gold.

.####..##
#.#.###..
#.##.###.
#.###....
...##...#
#..#?..### ..
#...#z.[###.#
#.@......####
##..#..#.... ...
##.####...# .. .
#...##....# .. ..
#.........## .
...
#..........#.#...
####..#....#...#
##.##....#
####..<.#


You could see a skeletal warrior.

Vanquished Creatures
  A vampire mosquito (D:6)
  An orc warrior (D:5)
  3 black bears
  A sky beast (D:6)
  3 ogres
  A phantom (D:6)
  6 scorpions
  A necrophage (D:6)
  A vampire bat (D:6)
  2 hounds
  2 jellies
  3 orc priests
  3 iguanas
  8 orc wizards
  5 gnolls
  6 adders
  A shadow imp (D:5)
  2 white imps (D:5)
  2 ufetubi
  A dart slug (D:4)
  14 orcs
  4 bat skeletons (D:6)
  2 bat zombies (D:6)
  4 endoplasms
  6 giant cockroaches
  6 goblins
  5 hobgoblins
  3 quokkas
  7 ball pythons
  4 bats
  2 frilled lizards
  4 kobolds
  4 rats (D:2)
  A butterfly (D:6)
119 creatures vanquished.

Vanquished Creatures (others)
  3 plants (D:5)
3 creatures vanquished.

Grand Total: 122 creatures vanquished

Notes
Turn   | Place    | Note
-------+----------+-------------------------------------------
     0 | D:1      | zeram the Gnoll Fighter began the quest for the Orb.
     0 | D:1      | Reached XP level 1. HP: 23/23 MP: 1/1
   163 | D:1      | You fall into a shaft and drop 1 floor!
   499 | D:2      | Reached XP level 2. HP: 24/29 MP: 2/2
   814 | D:2      | Reached XP level 3. HP: 35/35 MP: 3/3
  1263 | D:3      | Reached skill level 1 in Invocations
  1469 | D:3      | Reached skill level 1 in Short Blades
  1469 | D:3      | Reached skill level 1 in Long Blades
  1469 | D:3      | Reached skill level 1 in Maces & Flails
  1469 | D:3      | Reached skill level 1 in Polearms
  1469 | D:3      | Reached skill level 1 in Staves
  1469 | D:3      | Reached skill level 1 in Ranged Weapons
  1469 | D:3      | Reached skill level 1 in Throwing
  1469 | D:3      | Reached skill level 1 in Dodging
  1469 | D:3      | Reached skill level 1 in Stealth
  1469 | D:3      | Reached skill level 1 in Unarmed Combat
  1469 | D:3      | Reached skill level 1 in Spellcasting
  1469 | D:3      | Reached skill level 1 in Evocations
  1469 | D:3      | Reached XP level 4. HP: 39/41 MP: 5/5
  1498 | D:3      | Found a shadowy altar of Dithmenos.
  1508 | D:3      | Reached skill level 1 in Conjurations
  1508 | D:3      | Reached skill level 1 in Hexes
  1508 | D:3      | Reached skill level 1 in Summonings
  1508 | D:3      | Reached skill level 1 in Necromancy
  1508 | D:3      | Reached skill level 1 in Translocations
  1508 | D:3      | Reached skill level 1 in Transmutations
  1508 | D:3      | Reached skill level 1 in Fire Magic
  1508 | D:3      | Reached skill level 1 in Ice Magic
  1508 | D:3      | Reached skill level 1 in Air Magic
  1508 | D:3      | Reached skill level 1 in Earth Magic
  1508 | D:3      | Reached skill level 1 in Poison Magic
  2238 | D:4      | Reached XP level 5. HP: 45/47 MP: 5/7
  2545 | D:4      | Reached XP level 6. HP: 53/53 MP: 8/8
  2949 | D:5      | Entered Level 5 of the Dungeon
  2954 | D:5      | Noticed an orc warrior
  2970 | D:5      | Killed an orc warrior
  2971 | D:5      | Reached skill level 5 in Axes
  3315 | D:5      | Found a transporter.
  3522 | D:5      | Found a transporter.
  3537 | D:5      | Reached XP level 7. HP: 40/60 MP: 6/10
  4277 | D:5      | Reached XP level 8. HP: 53/67 MP: 9/12
  5235 | D:5      | Gained mutation: You have large cloven feet. [potion of
                  | mutation]
  5235 | D:5      | Gained mutation: Your movements are slightly less
                  | encumbered by armour. (ER -2) [potion of mutation]
  5235 | D:5      | Gained mutation: Your movements are less encumbered by
                  | armour. (ER -4) [potion of mutation]
  5399 | D:6      | Found an ancient bone altar of Kikubaaqudgha.
  5669 | D:6      | Found a runed translucent door.
  5852 | D:6      | Found an ornate altar of the Wu Jian Council.
  6121 | D:6      | Found a shimmering blue altar of Sif Muna.
  6220 | D:6      | Found a shimmering altar of Xom.
  6251 | D:6      | Found a staircase to the Ecumenical Temple.
  6264 | Temple   | Entered the Ecumenical Temple
  6396 | Temple   | Became a worshipper of Gozag Ym Sagoz the Greedy
  6495 | D:6      | Found a runed translucent door.
  6503 | D:6      | Reached XP level 9. HP: 67/73 MP: 12/15
  6701 | D:7      | Noticed a skeletal warrior
  6714 | D:7      | Demolished by a skeletal warrior

Illustrated notes

Levels and vault maps discovered:
D:1:      giann_wishing_wells, layout_basic, serial_shops, shop,
          nicolae_shop_crystal, dreamdust_ecumenical_altar_hidden_monk_grotto
D:2:      layout_loops_corners, hangedman_abyss_or_decor_lesser_grid,
          minmay_heptomino_d4
D:3:      layout_loops_ring, nicolae_dithmenos_shadow_blocks
D:4:      layout_loops_ring
D:5:      gammafunk_wand_slinger, layout_basic, kennysheep_generic_room_7
D:6:      lemuel_insect_pit, layout_basic, kennysheep_vampire_church,
          nzn_wu_jian_contemplation, lemuel_blue_sif_altar,
          nicolae_overflow_crystal_walls, minmay_temple_entry_enclosed_plants
D:7:      due_chaos_kobolds, layout_cave_pools, mainiacjoe_overflow_brackets,
          trog_three_pillars_becter, serial_shops,
          nicolae_shop_temple_entry_statues_fountains, kb_rosetta
Temple:   jpeg_temple_clearing

Skill      XL: |  1  2  3  4  5  6  7  8 |
---------------+-------------------------+-----
Invocations    | 1 2 3 4 |  4.6
Short Blades   | 1 2 3 4 |  4.2
Long Blades    | 1 2 3 4 |  4.2
Maces & Flails | 1 2 3 4 |  4.2
Polearms       | 1 2 3 4 |  4.2
Staves         | 1 2 3 4 |  4.2
Ranged Weapons | 1 2 3 4 |  4.2
Throwing       | 1 2 3 4 |  4.2
Dodging        | 1 2 3 4 |  4.2
Stealth        | 1 2 3 4 |  4.2
Unarmed Combat | 1 2 3 4 |  4.2
Spellcasting   | 1 2 3 4 |  4.2
Evocations     | 1 2 3 4 |  4.2
Conjurations   | 1 2 3 |  3.4
Hexes          | 1 2 3 |  3.4
Summonings     | 1 2 3 |  3.4
Necromancy     | 1 2 3 |  3.4
Translocations | 1 2 3 |  3.4
Transmutations | 1 2 3 |  3.4
Fire Magic     | 1 2 3 |  3.4
Ice Magic      | 1 2 3 |  3.4
Air Magic      | 1 2 3 |  3.4
Earth Magic    | 1 2 3 |  3.4
Poison Magic   | 1 2 3 |  3.4
Axes           | 5 6 |  6.3
Fighting       | 7 |  7.9
Armour         | 7 |  7.9
Shields        | 7 |  7.9

Action                   |  1- 3 |  4- 6 |  7- 9 || total
-------------------------+-------+-------+-------++-------
Melee: War axe           |    73 |   116 |   220 ||   409
       Bite              |     3 |    15 |    18 ||    36
       Kick              |       |       |    36 ||    36
  Use: Scroll            |     7 |     3 |     2 ||    12
       Potion            |       |       |     4 ||     4
 Stab: Sleeping          |       |       |     2 ||     2
Armor: Scale mail        |    29 |    45 |   106 ||   180
Dodge: Dodged            |    24 |    58 |    84 ||   166
Block: Buckler           |    26 |    28 |    23 ||    77
       Tower shield      |       |       |   124 ||   124
